AoeStats
← Contadinu(?)

Hill Fort

505870403Analyzed
4v4 RM · 21d ago on Sep 11, 2026· 43m 27s· 8 players
Game mode
Random Map
Map size
Large (8 player)
Population
200
Speed
Normal
Resources
Standard
Victory
Conquest
Starting age
Dark Age
Ending age
Imperial Age
RankedLock teamsTeams togetherTeam positionsShared explorationLock speedFull tech treeHidden civsTurbo modeCheats
Victory
Defeat
🇪🇸 Huns · Spain
1747
+7
🇨🇳 Hindustanis · China
1585
+13
🇨🇳 Magyars · China
1569
+13
🇨🇳 Mapuche · China
1531
+15
🇮🇹 Berbers · Italy
1546
-13
🇮🇹 Italians · Italy
1540
-13
🇫🇷 Mongols · France
1498
-11
🇦🇷 Poles · Argentina
1491
-11
Contadinu(?)
10:38 Feudal Age
14:33 Castle Age
12:38 Double-Bit Axe
13:04 Loom
13:10 Horse Collar
16:39 Bow Saw
24:01 Fletching
25:02 Bodkin Arrow
27:52 Padded Archer Armor
30:09 Ballistics
32:17 Wheelbarrow
33:21 Leather Archer Armor
37:16 Imperial Age
36:42 Scale Mail Armor
36:53 Forging
38:02 Chain Mail Armor
39:08 Bracer
40:54 Plate Mail Armor
41:18 Ring Archer Armor
42:22 Silk Road
42:23 Conscription
43:10 Chemistry
43:40 Town Watch
44:10 Hand Cart
倒挂着的树枝
10:22 Feudal Age
10:49 Double-Bit Axe
10:45 Horse Collar
12:36 Gold Mining
14:30 Loom
18:30 Castle Age
16:53 Stone Mining
19:51 Wheelbarrow
19:30 Bow Saw
20:19 Loom
21:18 Hand Cart
21:13 Heavy Plow
23:04 Szlachta Privileges
23:43 Bloodlines
24:08 Husbandry
25:16 Scale Barding Armor
26:49 Chain Barding Armor
26:40 Forging
29:16 Town Watch
30:37 Iron Casting
30:24 Fletching
32:50 Bodkin Arrow
40:35 Imperial Age
berber.sinan
10:48 Feudal Age
14:47 Castle Age
13:08 Double-Bit Axe
13:34 Horse Collar
15:07 Loom
15:52 Bow Saw
21:43 Wheelbarrow
21:18 Fletching
22:20 Bodkin Arrow
29:12 Gold Mining
31:21 Ballistics
35:12 Imperial Age
34:06 Padded Archer Armor
34:13 Husbandry
34:24 Bloodlines
34:22 Thumb Ring
36:05 Hand Cart
35:36 Town Watch
36:21 Conscription
36:11 Bracer
36:27 Leather Archer Armor
37:22 Chemistry
38:06 Elite Mangudai
Tony Pitony
11:00 Feudal Age
15:59 Castle Age
14:26 Double-Bit Axe
14:40 Horse Collar
17:02 Bow Saw
18:55 Fletching
20:26 Heavy Plow
21:22 Padded Archer Armor
21:52 Loom
22:44 Bodkin Arrow
25:48 Leather Archer Armor
26:21 Wheelbarrow
26:58 Ballistics
27:02 Husbandry
27:58 Bloodlines
37:15 Imperial Age
37:59 Hand Cart
38:04 Bracer
39:06 Ring Archer Armor
SaKuRuaba Ema
12:08 Feudal Age
12:43 Double-Bit Axe
12:39 Horse Collar
15:52 Castle Age
14:08 Gold Mining
17:13 Wheelbarrow
17:00 Bow Saw
16:50 Heavy Plow
18:03 Heavy Plow
20:44 Loom
21:44 Scale Barding Armor
22:55 Chain Barding Armor
27:40 Hand Cart
31:37 Gold Shaft Mining
30:54 Stone Mining
32:30 Corvinian Army
32:23 Fletching
35:07 Imperial Age
33:40 Bodkin Arrow
35:41 Ballistics
36:12 Conscription
35:13 Elite Magyar Huszar
36:33 Plate Barding Armor
36:41 Plate Barding Armor
37:39 Chemistry
37:00 Ballistics
38:54 Bracer
39:15 Ballistics
38:52 Murder Holes
40:42 Two-Man Saw
40:12 Crop Rotation
39:59 Masonry
39:29 Treadmill Crane
41:21 Coinage
40:52 Caravan
41:12 Padded Archer Armor
42:37 Banking
43:46 Leather Archer Armor
Mariner
9:00 Feudal Age
9:34 Double-Bit Axe
11:08 Loom
13:15 Horse Collar
14:10 Scale Barding Armor
16:52 Horse Collar
18:14 Forging
18:46 Wheelbarrow
22:02 Castle Age
20:11 Gold Mining
21:23 Bloodlines
22:49 Light Cavalry
23:30 Husbandry
24:17 Chain Barding Armor
24:39 Bow Saw
24:33 Heavy Plow
25:22 Town Watch
26:58 Hand Cart
26:46 Husbandry
27:23 Iron Casting
29:48 Gold Shaft Mining
36:49 Imperial Age
36:54 Heavy Camel Rider
38:10 Plate Barding Armor
38:35 Blast Furnace
38:44 Stone Mining
38:27 Imperial Camel Rider
奶油桃桃哈哈哈
11:03 Feudal Age
12:22 Double-Bit Axe
13:29 Loom
16:11 Castle Age
15:01 Fletching
15:21 Town Watch
16:06 Gold Mining
16:04 Horse Collar
19:58 Bodkin Arrow
21:18 Wheelbarrow
23:24 Padded Archer Armor
28:02 Ballistics
28:26 Bow Saw
30:36 Hand Cart
31:05 Leather Archer Armor
32:56 Heavy Plow
32:47 Stone Mining
33:33 Gold Shaft Mining
37:51 Imperial Age
35:43 Malon
36:18 Town Patrol
39:41 Chemistry
39:11 Conscription
40:45 Ring Archer Armor
39:55 Elite Bolas Rider
42:42 Hoardings
43:21 Butalmapu
咩咩启示录
12:22 Feudal Age
13:18 Double-Bit Axe
16:06 Castle Age
14:05 Horse Collar
15:20 Fletching
15:41 Gold Mining
16:19 Padded Archer Armor
17:57 Bodkin Arrow
18:23 Loom
22:00 Bloodlines
22:42 Wheelbarrow
22:54 Ballistics
22:40 Town Watch
25:08 Leather Archer Armor
26:26 Hand Cart
28:26 Bow Saw
34:41 Imperial Age
32:52 Thumb Ring
35:43 Bracer
36:44 Chemistry
36:38 Parthian Tactics
36:32 Heavy Cavalry Archer
40:10 Guilds
40:32 Coinage
42:12 Conscription
Connection lost

Rejoining the realm…

Still unreachable

The connection could not be restored.

Session expired

The server has moved on; the page needs a fresh start.